 Dungeon Crawl Stone Soup version 0.29-a0-320-g9f8742066b (webtiles) character file.

Game seed: 12720068371492613580

158 YayAnonymity the Shield-Bearer (level 5, -1/41 HPs)
             Began as a Formicid Fighter on Apr 3, 2022.
             Slain by an ice beast (13 damage)
             ... on level 3 of the Dungeon.
             The game lasted 00:05:39 (2385 turns).

YayAnonymity the Shield-Bearer (Formicid Fighter)   Turns: 2385, Time: 00:05:39

Health: -1/41      AC: 12    Str: 22    XL:     5   Next: 66%
Magic:  5/5        EV: 10    Int:  8    God:
Gold:   157        SH:  4    Dex: 10    Spells: 4/4 levels left

rFire   + . .      SeeInvis +   a - +0 war axe
rCold   . . .      Faith    .   c - +0 buckler
rNeg    . . .      Spirit   .   n - +3 scale mail {rF+}
rPois   .          Reflect  .   (helmet unavailable)
rElec   .          Harm     .   g - +0 cloak
rCorr   .          Rampage  .   f - +0 pair of gloves
Will    .....                   (no boots)
Stlth   ..........              p - amulet of regeneration
HPRegen 0.93/turn               (no ring)
MPRegen 0.09/turn               (no ring)

@: mighty, studying Dodging
A: permanent stasis, dig shafts and tunnels, antennae 3, four strong arms
a: Dig, Shaft Self


You were on level 3 of the Dungeon.
You visited 1 branch of the dungeon, and saw 3 of its levels.

You collected 157 gold pieces.

Inventory:

Hand Weapons
 a - a +0 war axe (weapon)
Missiles
 l - 2 poisoned darts (quivered)
 o - a throwing net
Armour
 c - a +0 buckler (worn)
 f - a +0 pair of gloves (worn)
 g - a +0 cloak (worn)
 i - a +0 plate armour
 n - a +3 scale mail of fire resistance (worn)
Jewellery
 p - an amulet of regeneration (around neck)
Wands
 b - a wand of flame (49)
Scrolls
 e - a scroll of immolation {unknown}
 h - a scroll of silence
 k - a scroll of magic mapping
 m - a scroll of noise
 q - a scroll of torment {unknown}
 r - a scroll of fear {unknown}
Potions
 d - a potion of might
 j - a potion of ambrosia {unknown}


   Skills:
 - Level 3.2 Fighting
 * Level 4.4 Axes
 + Level 3.5 Armour
 + Level 1.4 Dodging
 - Level 4.7 Shields


You had 4 spell levels left.
You didn't know any spells.
Your spell library contained the following spells:

 Spells                   Type           Power      Damage    Failure   Level
 Shock                    Conj/Air       0%         1d3       80%         1
 Sublimation of Blood     Necr           0%         N/A       90%         2
 Wereblood                Tmut           0%         N/A       90%         2
 Dazzling Flash           Conj/Hex       0%         N/A       99%         3
 Stone Arrow              Conj/Erth      0%         3d7       99%         3
 Airstrike                Air            0%         N/A       100%        4
 Animate Armour           Summ/Erth      0%         N/A       100%        4
 Iskenderun's Mystic Bla  Conj/Tloc      0%         2d3       100%        4
 Agony                    Necr           0%         N/A       100%        5
 Silence                  Hex/Air        0%         N/A       100%        5
 Starburst                Conj/Fire      0%         6d3       100%        6
 Summon Hydra             Summ           0%         N/A       100%        7
 Lehudib's Crystal Spear  Conj/Erth      0%         10d2      100%        8
 Swiftness                Air            Unusable   N/A       N/A         3

Dungeon Overview and Level Annotations

Branches:
Dungeon (3/15)

Altars:
Trog

Annotations:
D:3 1 transporter, logorrheac's ghost, weakling OpVM


Innate Abilities, Weirdness & Mutations

You cannot be hasted, slowed, berserked, paralysed or teleported.
You can dig through walls and to a lower floor.
You have a pair of large antennae on your head. (SInv)
Your four strong arms can wield two-handed weapons with a shield.


Message History

Aim: an ice beast (56% to hit)
You throw a poisoned dart.
The poisoned dart barely misses the ice beast.
You feel very mighty all of a sudden.
You retract your mandibles.
You hit the ice beast.
The ice beast is lightly wounded.
The ice beast misses you.
You barely miss the ice beast.
The ice beast is lightly wounded.
The ice beast hits you. The ice beast freezes you!
You slash the ice beast!
The ice beast is heavily wounded.
The ice beast closely misses you.
You closely miss the ice beast.
The ice beast is heavily wounded.
You block the ice beast's attack. The ice beast hits you.
The ice beast freezes you!
You hit the ice beast.
The ice beast is severely wounded.
The ice beast barely misses you.
You closely miss the ice beast.
The ice beast is severely wounded.
You block the ice beast's attack.
You barely miss the ice beast.
The ice beast is severely wounded.
The ice beast hits you. The ice beast freezes you!
* * * LOW HITPOINT WARNING * * *
The ice beast barely misses you.
You closely miss the ice beast.
The ice beast is severely wounded.
The ice beast closely misses you.
You hit the ice beast.
The ice beast is severely wounded.
The ice beast hits you but does no damage.
You slash the ice beast!
The ice beast is almost dead.
The ice beast completely misses you. The ice beast hits you.
* * * LOW HITPOINT WARNING * * *
The ice beast freezes you!
You die...

#.#
#(#.#
).#.#
8.#.# {
{ #(#.#
#.#.#
##.#.#
#(Y#.#
#8@#.#
##.#.#
#.#.#
##.#.#
#.†#.#
{#8...#
######


You could see an ice beast.

Vanquished Creatures
  Terence (D:2)
  Robin (D:1)
  An adder (D:3)
  3 gnolls (D:3)
  2 worms
  2 dart slugs
  An orc (D:3)
  2 bats
  7 endoplasms
  5 giant cockroaches
  15 goblins
  8 hobgoblins
  2 jackals
  4 quokkas
  4 ball pythons (D:2)
  4 frilled lizards
  5 kobolds (D:1)
  4 rats
71 creatures vanquished.

Vanquished Creatures (others)
  14 plants (D:2)
14 creatures vanquished.

Grand Total: 85 creatures vanquished

Notes
Turn   | Place    | Note
-------+----------+-------------------------------------------
     0 | D:1      | YayAnonymity the Formicid Fighter began the quest for the
                  | Orb.
     0 | D:1      | Reached XP level 1. HP: 18/18 MP: 1/1
   179 | D:1      | Reached XP level 2. HP: 12/24 MP: 2/2
   779 | D:1      | Reached XP level 3. HP: 25/29 MP: 3/3
  1214 | D:2      | Noticed Terence
  1222 | D:2      | Killed Terence
  1223 | D:2      | Reached XP level 4. HP: 27/35 MP: 4/4
  1306 | D:2      | Noticed Robin
  1326 | D:1      | Killed Robin
  1519 | D:2      | Found a faded altar of an unknown god.
  1847 | D:2      | Reached XP level 5. HP: 41/41 MP: 5/5
  2133 | D:3      | Found a transporter.
  2141 | D:3      | Found a bloodstained altar of Trog.
  2142 | D:3      | Noticed an ogre
  2147 | D:3      | Noticed logorrheac's ghost (weakling OpVM)
  2233 | D:3      | Reached skill level 1 in Dodging
  2370 | D:3      | Noticed an ice beast
  2385 | D:3      | Slain by an ice beast

Illustrated notes

Levels and vault maps discovered:
D:1:      ncdulo_halloftheorcs, layout_basic
D:2:      layout_basic, dilly_ecumenical_altar_fadedgnrine, minmay_tetromino_l4,
          uniq_robin, uniq_terence
D:3:      wad_river_or_something, layout_basic,
          mainiacjoe_overflow_concentric_impassable, gammafunk_ghost_arena,
          palyth_stone_intersect, st_stairs_2, uniq_crazy_yiuf_cottage

Skill      XL: |  1  2  3  4  5 |
---------------+----------------+-----
Shields        | 4 |  4.7
Axes           | 3 4 |  4.4
Dodging        | 1 |  1.4
Fighting       | |  3.2
Armour         | |  3.5

Action                   |  1- 3 |  4- 6 || total
-------------------------+-------+-------++-------
Melee: War axe           |    73 |   132 ||   205
Throw: Dart              |       |     4 ||     4
 Abil: Dig               |       |     1 ||     1
  Use: Scroll            |       |     4 ||     4
       Potion            |       |     1 ||     1
Armor: Scale mail        |    43 |    80 ||   123
Dodge: Dodged            |    26 |    65 ||    91
Block: Buckler           |    18 |    32 ||    50

Table legend: (Time is in decaauts)
 A = Elapsed time spent in this place.
 B = Non-inter-level travel time spent in this place.
 C = Inter-level travel time spent in this place.
 D = Time resting spent in this place.
 E = Time spent auto-exploring this place.
 F = Levels seen in this place.
 G = Mean time per level.
                   A        B        C        D        E       F      G
               +--------+--------+--------+--------+--------+-----+--------+
         Total |   2458 |   2429 |     29 |    152 |   1646 |   3 |  819.3 |
       Dungeon |   2458 |   2429 |     29 |    152 |   1646 |   3 |  819.3 |
               +--------+--------+--------+--------+--------+-----+--------+

Top non-repeatable levels by time:
     D:1: 1132 daAuts
     D:2: 1036 daAuts
     D:3: 288 daAuts
